 Dungeon Crawl Stone Soup version 0.19-a0-27-g415f530 (webtiles) character file.

60 M4edhros the Insei (level 3, 0/28 HPs)
             Began as a Vampire Monk on May 1, 2016.
             Slain by Pikel
             ... wielding a +1 whip of freezing
              (1 damage)
             ... on level 4 of the Dungeon.
             The game lasted 00:02:19 (190 turns).

M4edhros the Insei (Vampire Monk)                    Turns: 190, Time: 00:02:19

Health: 0/28       AC:  8    Str: 11    XL:     3   Next: 82%
Magic:  3/3        EV: 11    Int: 12    God:
Gold:   11         SH:  0    Dex: 21    Spells: 0 memorised, 2 levels left

rFire  . . .     SeeInvis +       - Unarmed
rCold  . . .     Gourm    .     e - +0 chain mail
rNeg   . . .     Faith    .     (no shield)
rPois  .         Spirit   .     (no helmet)
rElec  .         Dismiss  .     (no cloak)
rCorr  .         Reflect  .     (no gloves)
SustAt .         Harm     .     (no boots)
MR     .....                    (no amulet)
Stlth  +.........               (no ring)
                                (no ring)

@: agile, regenerating quickly, not resistant to hostile enchantments, very
unstealthy
A: fangs 3, see invisible, unbreathing
a: no special abilities


You were on level 4 of the Dungeon.
You were full.

You visited 1 branch of the dungeon, and saw 4 of its levels.

You collected 11 gold pieces.

Inventory:

Armour
 a - a +0 robe
 e - a +0 chain mail (worn)
Scrolls
 d - a scroll of remove curse {unknown}


   Skills:
 - Level 2.6 Fighting
 - Level 3.2 Dodging
 - Level 3.0 Stealth
 + Level 6.0 Unarmed Combat


You had 2 spell levels left.
You didn't know any spells.

Dungeon Overview and Level Annotations

Branches:
Dungeon (4/15)
 Temple: D:4-7

Altars:
Ashenzari

Annotations:
D:4 Pikel


Innate Abilities, Weirdness & Mutations

Your natural rate of healing is unusually fast.
You have razor-sharp teeth.
You have supernaturally acute eyesight.
You can survive without breathing.


Message History

Pikel closely misses you.
You hit Pikel.
Pikel is moderately wounded.
Pikel barely misses you. The slave hits you!
* * * LOW HITPOINT WARNING * * *
Pikel says, "Slavery isn't that bad."
There is an open door here.
You aren't carrying any potions.
You hit Pikel. Your bite misses Pikel.
Pikel is moderately wounded.
You hit Pikel.
Pikel is heavily wounded.
Pikel misses you.
You hit Pikel but do no damage. You bite Pikel, but do no damage.
Pikel is heavily wounded.
Pikel hits you with a whip of freezing.
* * * LOW HITPOINT WARNING * * *
Pikel freezes you.
You die...

#..#####..............
#......#.......###....
#########......#.......#####_#
#.......#......#.......###....
###.)..)..#......#..............
.....<....#..##..#......#.###..#
..........#..##..#.p...##.#
..........'......#pp...# .#
..........#.....@Kp....# .#
..........#..#####.....##...
...########..# ###.....## .<.
#.... #.....# ... #....# #.....#
#....+ #.....# #....# #.....#
#....# #.....# #.....#


You could see Pikel and 4 slaves.

Vanquished Creatures
  Blork the orc (D:4)
  A bat (D:2)
2 creatures vanquished.

Notes
Turn   | Place    | Note
--------------------------------------------------------------
     0 | D:1      | M4edhros the Vampire Monk began the quest for the Orb.
     0 | D:1      | Reached XP level 1. HP: 17/17 MP: 1/1
   128 | D:4      | Noticed Blork the orc
   142 | D:4      | Killed Blork the orc
   142 | D:4      | Reached skill level 6 in Unarmed Combat
   142 | D:4      | Reached XP level 2. HP: 8/23 MP: 2/2
   142 | D:4      | Reached XP level 3. HP: 10/28 MP: 3/3
   166 | D:4      | Noticed Pikel
   166 | D:4      | Noticed a slave
   166 | D:4      | Noticed a slave
   167 | D:4      | Noticed a slave
   167 | D:4      | Noticed a slave
   167 | D:4      | Found a shattered altar of Ashenzari.
   190 | D:4      | HP: 1/28 [Pikel/whip of freezing (3)]
   190 | D:4      | Slain by Pikel

Vault maps used:
D:1:      eino_arrival_cavern_e
D:2:      amethyst_overflow_temple_binary, hangedman_abyss_or_decor_stabs
D:3:      nicolae_qazlal_eye_of_the_storm
D:4:      makhleb_grotto_becter, grunt_temple_overflow_gold_and_silver,
          minmay_temple_entry_butterflies, serial_shops, shop_fountains,
          cheibrodos_ashenzari_chains, uniq_pikel, uniq_edmund,
          uniq_blork_the_orc

Skill      XL: |  1 |
---------------+----+-----
Unarmed Combat | 6 |  6.0
Fighting       | |  2.6
Dodging        | |  3.2
Stealth        | |  3.0

Action                   || total
-------------------------++-------
Melee: Unarmed           ||    30
       Bite              ||     1
  Use: Potion            ||     4
Armor: Chain mail        ||    17
Dodge: Dodged            ||    12
